 Dungeon Crawl Stone Soup version 0.22-a0-412-g2b68d14 (webtiles) character file.

298 emperorscorpion the Chopper (level 6, -3/58 HPs)
             Began as a Gargoyle Berserker on May 12, 2018.
             Was a Believer of Trog.
             Killed by divine providence
             ... invoked by an orc priest
              (16 damage)
             ... on level 4 of the Dungeon.
             The game lasted 00:02:48 (1417 turns).

emperorscorpion the Chopper (Gargoyle Berserker)    Turns: 1417, Time: 00:02:49

Health: -3/58      AC: 23    Str: 23    XL:     6   Next: 36%
Magic:  6/6        EV:  2    Int:  7    God:    Trog [**....]
Gold:   65         SH:  0    Dex: 14    Spells: 5/5 levels left

rFire    . . .     SeeInvis .   l - +0 war axe
rCold    . . .     Gourm    .   (no shield)
rNeg     + + +     Faith    .   (armour currently unavailable)
rPois    ∞         Spirit   .   (helmet currently unavailable)
rElec    .         Reflect  .   (cloak currently unavailable)
rCorr    .         Harm     .   (gloves currently unavailable)
MR       .....     NoTele   +   (boots currently unavailable)
Stlth    +.........             (no amulet)
HPRegen  0.19/turn              d - ring of loudness (curse)
MPRegen  0.10/turn              o - ring of poison resistance

@: confused, agile, tree-form, berserk cooldown
A: negative energy resistance 1, petrification resistance, rot immunity, AC +4
a: Berserk, Trog's Hand, Renounce Religion


You were on level 4 of the Dungeon.
You worshipped Trog.
Trog was pleased with you.
You were very hungry.
You were a tree.
You visited 1 branch of the dungeon, and saw 4 of its levels.

You collected 65 gold pieces.

Inventory:

Hand Weapons
 a - a +0 hand axe
 l - a +0 war axe (weapon)
Missiles
 f - 3 tomahawks (quivered)
Armour
 b - a +0 animal skin
 g - a +0 ring mail
 h - a +2 pair of gloves (melded)
 m - a +0 chain mail (melded)
Jewellery
 d - a cursed ring of loudness (left branch)
 o - a ring of poison resistance (right branch)
Potions
 p - a potion of invisibility
Comestibles
 c - 3 rations


   Skills:
 + Level 4.6 Fighting
 + Level 4.9 Axes
 + Level 3.2 Armour
 + Level 2.3 Dodging


You had 5 spell levels left.
You didn't know any spells.
Your spell library was empty.

Dungeon Overview and Level Annotations

Branches:
Dungeon (4/15)
 Temple: D:4-7

Altars:
Dithmenos
Elyvilon


Innate Abilities, Weirdness & Mutations

You are resistant to torment.
((Your stone body is resilient. (AC +4)))
You are immune to poison.
You resist negative energy. (rN+)
((You are resistant to electric shocks. (rElec)))
((You can survive without breathing.))
You are immune to petrification.
You are immune to rotting.


Message History

The orc wizard hits you but does no damage.
It was a potion of lignification.
You turn into a tree.
Your +2 pair of gloves melds into your body.
Your +0 chain mail melds into your body.
Your roots penetrate the ground.
The orc wizard hits you but does no damage.
The orc priest mumbles some strange prayers to Beogh against you.
Beogh smites you!
* * * LOW HITPOINT WARNING * * *
It was a potion of berserk rage.
You're still recovering from your berserk rage.
The orc wizard hits you but does no damage.
The orc priest looks encouraged for a moment.
The orc wizard hits you but does no damage.
It was a potion of ambrosia.
You are confused.
You feel invigorated. The orc wizard barely misses you.
The orc priest invokes the aid of Beogh against you.
Beogh smites you!
You die...

#.###########.......###.#
#.# #.......# #.# #.#
#.......# #.# #.#
##.#.#.## #.# #.#
#.#.#..###.# #.#
#.†........# #.#
###)##.##### #.# #(##.#
#♣##.# #o##.#


oor... ##o..#. ...... ..#...# .###.## #. .. You could see an orc priest, an orc
wizard, 2 orcs and a quokka.

Vanquished Creatures
  An ogre (D:4)
  An orc priest (D:4)
  An orc wizard (D:3)
  A hound skeleton (D:4)
  5 gnolls
  5 adders
  A leopard gecko (D:3)
  7 orcs
  A ball python (D:1)
  3 giant cockroaches
  2 goblins
  8 hobgoblins
  3 kobolds
  4 quokkas
  4 bats
  2 frilled lizards (D:2)
  A rat (D:1)
50 creatures vanquished.

Notes
Turn   | Place    | Note
-------+----------+-------------------------------------------
     0 | D:1      | emperorscorpion the Gargoyle Berserker began the quest for the Orb.
     0 | D:1      | Reached XP level 1. HP: 14/14 MP: 1/1
   113 | D:1      | Reached XP level 2. HP: 19/19 MP: 2/2
   482 | D:2      | Reached XP level 3. HP: 13/24 MP: 3/3
   491 | D:2      | Reached ** piety under Trog
   797 | D:3      | Reached XP level 4. HP: 30/30 MP: 4/4
   863 | D:3      | Found a shadowy altar of Dithmenos.
   933 | D:3      | Reached XP level 5. HP: 34/34 MP: 5/5
  1088 | D:4      | Found a white marble altar of Elyvilon.
  1178 | D:4      | Noticed an ogre
  1182 | D:4      | Killed an ogre
  1182 | D:4      | Reached XP level 6. HP: 27/39 MP: 6/6
  1417 | D:4      | Killed from afar by an orc priest

Vault maps used:
D:1:      minmay_arrival_wavy_path
D:2:      first_ration, serial_bayou, serial_bayou_ford_a, serial_bayou_pond_d,
          serial_bayou_shore_b, serial_bayou_pond_d, grunt_decor_one_mirror
D:3:      nicolae_dithmenos_shadow_blocks, uniq_sigmund
D:4:      nicolae_overflow_hidden_temple, vehumet_crystals, uniq_edmund

Skill      XL: |  1  2  3  4  5 |
---------------+----------------+-----
Axes           | 3 4 |  4.9
Fighting       | 4 |  4.6
Dodging        | 2 |  2.3
Armour         | 3 |  3.2

Action                   |  1- 3 |  4- 6 || total
-------------------------+-------+-------++-------
Melee: Hand axe          |   122 |    12 ||   134
       War axe           |       |    86 ||    86
Invok: Berserk           |     2 |     3 ||     5
  Use: Scroll            |       |     2 ||     2
       Potion            |       |     4 ||     4
  Eat: Chunk             |     1 |     5 ||     6
Armor: Animal skin       |     3 |       ||     3
       Ring mail         |    65 |     4 ||    69
       Chain mail        |       |    75 ||    75
       Skin              |       |     3 ||     3
Dodge: Dodged            |   116 |    48 ||   164

Table legend:
 A = Spawn XP
 B = Non-spawn XP
 C = Spawn XP percentage of total XP
 D = Spawn monster count
 E = Non-spawn monster count
 F = Spawn count percentage of total count
 G = Total turns spent on level
                    A         B        C        D         E        F      G
               +---------+---------+-------+---------+---------+-------+---------
         Total |       0 |     427 |   0.0 |       0 |      50 |   0.0 |  1417
               +---------+---------+-------+---------+---------+-------+---------
           D:1 |       0 |      23 |   0.0 |       0 |      13 |   0.0 |   267
           D:2 |       0 |      27 |   0.0 |       0 |       9 |   0.0 |   391
           D:3 |       0 |     140 |   0.0 |       0 |      19 |   0.0 |   360
           D:4 |       0 |     237 |   0.0 |       0 |       9 |   0.0 |   399
               +---------+---------+-------+---------+---------+-------+---------
